Map: Incorporeal LE

Players

FalconsSolar (Solar)

  • Race: Zerg Zerg
  • Spawn Location: 5:00

trigger - Winner!

  • Race: Protoss Protoss
  • League: Master
  • Spawn Location: 11:00

Event: DreamHack Dallas 2025

VOD

Have the link to the VOD?

Description

Time

  • Played on: May 24, 2025, 2:48 p.m.
  • Length: 8:27

All games in this series

Show
View Real Time Build Order
Export as new Build Order

FalconsSolar Zerg 

Build Orders: Hatch First 

Get SALT Encoding   

  12  0:00  Drone  
  13  0:08  Drone  
  14  0:29  Hatchery  
  14  0:34  Drone  
  14  0:41  Overlord  
  14  0:49  Extractor  
  14  0:50  Drone  
  15  0:59  Drone  
  15  1:00  Drone  
  17  1:07  Drone  
  17  1:10  Extractor  
  17  1:16  Spawning Pool  
  16  1:18  Drone  
  17  1:28  Drone  
  18  1:39  Drone  
  19  1:43  Drone  
  20  1:50  Drone  
  20  1:53  Overlord  
  21  2:02  Queen x2  
  21  2:05  Zergling x2  
  26  2:08  Drone  
  26  2:12  Drone  
  26  2:15  Zergling x2  
  29  2:20  Metabolic Boost  
  29  2:23  Drone  
  29  2:26  Drone  
  31  2:42  Drone  
  32  2:44  Overlord  
  32  2:45  Zergling x2  
  35  2:55  Drone x2  
  35  2:57  Extractor  
  34  3:02  Queen  
  34  3:05  Drone x2  
  39  3:06  Extractor  
  39  3:10  Zergling x2  
  39  3:13  Drone x3  
  39  3:18  Overlord  
  43  3:20  Drone  
  43  3:21  Drone, Hatchery  
  43  3:25  Overlord  
  44  3:29  Overlord  
  44  3:38  Queen  
  44  3:40  Spore Crawler  
  45  3:42  Queen  
  45  3:47  Drone x3  
  49  3:51  Zergling x4  
  49  3:53  Zergling x2  
  52  3:56  Drone x2  
  52  3:58  Spore Crawler  
  53  4:04  Drone  
  53  4:08  Drone  
  55  4:14  Drone x7  
  59  4:24  Drone  
  59  4:25  Drone  
  61  4:31  Extractor  
  61  4:33  Queen  
  61  4:34  Drone x2  
  61  4:35  Drone  
  65  4:41  Drone  
  65  4:42  Drone  
  65  4:43  Overlord  
  65  4:44  Zergling x4  
  69  4:46  Zergling x2  
  69  4:50  Lair  
  69  4:52  Drone x2  
  72  4:53  Drone  
  72  4:55  Drone  
  73  5:03  Overlord, Evolution Chamber, Roach Warren  
  73  5:06  Drone x2  
  74  5:07  Drone  
  74  5:08  Drone  
  74  5:12  Overlord  
  75  5:14  Overlord  
  75  5:15  Zergling x2  
  75  5:16  Zergling x2  
  77  5:21  Drone x3, Extractor  
  77  5:23  Drone  
  80  5:33  Drone x5  
  85  5:36  Overlord  
  85  5:41  Zergling x6  
  85  5:42  Zergling x2, Extractor x2  
  88  5:47  Drone x4  
  88  5:48  Spore Crawler  
  87  5:53  Drone, Hydralisk Den  
  87  5:54  Drone  
  87  5:55  Drone x2  
  87  5:56  Drone x2  
  93  6:04  Overlord x2  
  93  6:06  Overseer  
  93  6:08  Overlord  
  93  6:09  Overlord  
  93  6:10  Hatchery  
  92  6:14  Drone x3  
  92  6:15  Zerg Missile Weapons Level 1  
  92  6:18  Drone  
  96  6:19  Extractor  
  96  6:24  Hydralisk x3  
  101  6:26  Grooved Spines  
  101  6:30  Hydralisk, Infestation Pit  
  101  6:32  Overlord  
  102  6:34  Hydralisk x2  
  102  6:37  Drone x4  
  109  6:41  Hydralisk  
  109  6:43  Drone x2  
  109  6:45  Drone  
  109  6:46  Drone  
  115  6:48  Hydralisk  
  115  6:50  Hydralisk  
  115  6:52  Overlord, Extractor  
  115  6:53  Drone  
  118  6:57  Hydralisk, Extractor  
  116  7:04  Lurker Den  
  116  7:05  Drone  
  116  7:06  Drone x2  
  118  7:09  Hive  
  118  7:10  Hydralisk  
  118  7:11  Zergling x6  
  118  7:14  Hydralisk  
  126  7:15  Zergling x4  
  126  7:17  Zergling x2  
  126  7:22  Zergling x4  
  129  7:23  Zergling x2  
  129  7:26  Hydralisk, Overlord  
  129  7:28  Overseer  
  132  7:31  Hydralisk  
  132  7:33  Zergling x2  
  134  7:37  Hydralisk x3  
  134  7:40  Hydralisk  
  134  7:41  Hydralisk  
  134  7:43  Hydralisk  
  140  7:45  Hydralisk  
  140  7:47  Zergling x2  
  140  7:50  Hydralisk x2  
  136  7:52  Zergling x2  
  136  7:55  Hydralisk x2  
  136  7:57  Zergling x2  
  136  7:58  Hydralisk  
  116  8:09  Zergling x4  
Show
View Real Time Build Order
Export as new Build Order

trigger Protoss - Winner!

Build Orders: 1 Gate Expand, Oracle Opening 

Get SALT Encoding   

  12  0:00  Probe  
  13  0:12  Probe  
  14  0:20  Pylon  
  14  0:24  Probe  
  15  0:34  Probe  
  15  0:39  Gateway  
  15  0:42  Probe  
  16  0:49  Assimilator  
  17  0:52  Probe  
  19  1:04  Probe  
  19  1:16  Probe  
  20  1:25  Nexus  
  20  1:35  Cybernetics Core  
  20  1:41  Probe  
  20  1:44  Assimilator  
  21  1:50  Pylon  
  21  1:53  Probe  
  22  2:01  Adept  
  22  2:05  Probe  
  25  2:17  Probe  
  25  2:21  Adept  
  26  2:23  Stargate  
  26  2:29  Probe  
  27  2:36  Warp Gate  
  29  2:39  Pylon  
  29  2:41  Probe x2  
  31  2:48  Pylon  
  31  2:53  Probe x2  
  32  2:58  Adept  
  32  3:00  Oracle  
  34  3:05  Probe x2  
  39  3:16  Probe  
  39  3:17  Probe  
  41  3:24  Probe  
  41  3:29  Pylon  
  41  3:30  Probe  
  41  3:32  Probe  
  43  3:37  Gateway, Oracle  
  44  3:42  Probe  
  44  3:44  Probe  
  49  3:54  Probe  
  50  4:00  Probe, Nexus  
  51  4:05  Pylon  
  51  4:07  Probe  
  52  4:12  Probe  
  52  4:15  Assimilator  
  53  4:19  Probe  
  53  4:22  Pylon  
  54  4:26  Adept  
  54  4:27  Probe  
  54  4:31  Probe, Adept  
  60  4:33  Assimilator  
  60  4:34  Twilight Council  
  60  4:35  Probe  
  60  4:41  Shield Battery  
  60  4:43  Probe  
  60  4:44  Probe  
  62  4:49  Adept  
  65  4:55  Probe  
  65  4:57  Probe  
  67  5:01  Blink  
  67  5:05  Probe  
  67  5:07  Gateway, Forge, Probe  
  67  5:08  Gateway  
  67  5:13  Probe  
  69  5:14  Probe  
  69  5:19  Probe  
  72  5:22  Probe  
  72  5:25  Probe  
  74  5:30  Probe  
  74  5:31  Probe, Robotics Facility  
  74  5:33  Protoss Ground Weapons Level 1, Stalker  
  74  5:34  Stalker  
  80  5:37  Probe  
  80  5:41  Probe  
  81  5:43  Probe  
  81  5:49  Probe  
  84  5:52  Assimilator  
  84  5:53  Probe  
  85  5:57  Gateway  
  85  5:59  Gateway  
  85  6:02  Gateway  
  85  6:06  Pylon, Gateway  
  85  6:10  Gateway  
  85  6:11  Pylon  
  85  6:13  Assimilator  
  85  6:14  Warp Prism  
  85  6:16  Gateway  
  85  6:17  Pylon  
  85  6:24  Probe x2  
  89  6:28  Stalker x2  
  89  6:31  Pylon  
  93  6:35  Stalker x2  
  97  6:42  Pylon  
  97  6:51  Stalker x3  
  102  6:55  Stalker  
  102  6:58  Stalker  
  96  7:04  Stalker x4  
  104  7:09  Pylon  
  104  7:14  Observer  
  105  7:18  Pylon  
  103  7:29  Stalker x8  
  119  7:30  Stalker  
  119  7:34  Adept  
  115  7:52  Stalker x2  
  115  7:55  Stalker x6  
  123  8:05  Stalker x2  
  115  8:19  Stalker x7  
Tags
 
Add a new tag
Caveats
  • Supply blocks, unpowered buildings, or Contaminate may cause inaccurate times.
  • Supply counts are checked every 10 seconds.